 Dungeon Crawl Stone Soup version 0.31.0-32-g396128a36d (webtiles) character file.

Game seed: 4189561563025371900

248 hawla the Trooper (level 6, 0/53 HPs)
             Began as a Gnoll Wanderer on Apr 9, 2024.
             Slain by a bombardier beetle (3 damage)
             ... on level 3 of the Dungeon.
             The game lasted 00:03:39 (2037 turns).

hawla the Trooper (Gnoll Wanderer)                  Turns: 2037, Time: 00:03:40

Health: 0/53       AC:  9    Str: 15    XL:     6   Next: 12%
Magic:  8/8        EV:  8    Int: 11    God:
Gold:   114        SH:  0    Dex: 10    Spells: 8/8 levels left

rFire   . . .        a - +2 falchion
rCold   + . .        (no shield)
rNeg    . . .        l - +0 chain mail
rPois   .            (no helmet)
rElec   .            (no cloak)
rCorr   .            (no gloves)
SInv    .            (no boots)
Will    .....        (no amulet) Stlth
                     j - ring of protection from cold
HPRegen 0.28/turn    (no ring)
MPRegen 0.11/turn

%: no passive effects
@: on fire, hasted, glowing, very quick
A: fangs 1, strong nose, distributed training
a: no special abilities


You were on level 3 of the Dungeon.
You visited 1 branch of the dungeon, and saw 3 of its levels.

You collected 114 gold pieces.

Inventory:

Hand Weapons
 a - a +2 falchion (weapon)
 b - a +0 hand axe
Missiles
 i - 5 javelins (quivered)
Armour
 l - a +0 chain mail (worn)
Jewellery
 j - a ring of protection from cold (left hand)
Potions
 c - a potion of brilliance {unknown}
 d - a potion of lignification
 f - a potion of degeneration {unknown}
 g - a potion of heal wounds {unknown}
 h - 2 potions of curing {unknown}


   Skills:
 + Level 6.8 Fighting
 + Level 1.9 Short Blades
 + Level 4.9 Long Blades
 + Level 3.2 Axes
 + Level 1.9 Maces & Flails
 + Level 1.9 Polearms
 + Level 1.9 Staves
 + Level 1.9 Ranged Weapons
 + Level 3.2 Throwing
 + Level 4.9 Armour
 + Level 3.2 Dodging
 + Level 1.9 Stealth
 + Level 1.9 Shields
 + Level 1.9 Unarmed Combat
 + Level 1.9 Spellcasting
 + Level 1.5 Conjurations
 + Level 1.5 Hexes
 + Level 1.5 Summonings
 + Level 1.5 Necromancy
 + Level 1.5 Translocations
 + Level 1.5 Fire Magic
 + Level 1.5 Ice Magic
 + Level 1.5 Air Magic
 + Level 1.5 Earth Magic
 + Level 1.5 Alchemy
 + Level 2.1 Invocations
 + Level 1.9 Evocations
 + Level 1.7 Shapeshifting


You had 8 spell levels left.
You didn't know any spells.
Your spell library was empty.

Dungeon Overview and Level Annotations

Branches:
Dungeon (3/15)

Altars:
Fedhas


Innate Abilities, Weirdness & Mutations

You have very sharp teeth.
Your uncanny sense of smell can sniff out nearby items.
Your experience applies equally to all skills.


Message History

The liquid fire burns you! The bombardier beetle bites you.
You closely miss the bombardier beetle. Your bite misses the bombardier beetle.
The bombardier beetle is moderately wounded.
The liquid fire burns you!
The bombardier beetle bites you but does no damage.
You hit the bombardier beetle.
The bombardier beetle is heavily wounded.
The liquid fire burns you!
You hit the bombardier beetle.
The bombardier beetle is heavily wounded.
The liquid fire burns you!
The bombardier beetle barely misses you.
You hit the bombardier beetle.
The bombardier beetle is almost dead.
The liquid fire burns you!
The bombardier beetle barely misses you.
You hit the bombardier beetle. Your bite misses the bombardier beetle.
The bombardier beetle is almost dead.
The liquid fire burns you!
You barely miss the bombardier beetle.
You bite the bombardier beetle, but do no damage.
The bombardier beetle is almost dead.
The liquid fire burns you!
The bombardier beetle bites you but does no damage.
You barely miss the bombardier beetle.
The bombardier beetle is almost dead.
The liquid fire burns you!
* * * LOW HITPOINT WARNING * * *
The bombardier beetle sprays incendiary fluid at you.
The burning spray misses you.
You hit the bombardier beetle but do no damage.
The bombardier beetle is almost dead.
The liquid fire burns you!
* * * LOW HITPOINT WARNING * * *
It was a potion of haste.
You feel yourself speed up. The liquid fire burns you!
* * * LOW HITPOINT WARNING * * *
The bombardier beetle bites you.
You die...

#####..#<##..#
#
#..#.##..#####
#..#.........#
#.............
#..####..###.#
#........##...
#.##
#...####......
#....#####...#
####... ∆
#.B@.....#
##.#
#.....####.##
#.# ###.#. #.#
#.# # #. #.#
#.# #.# ##.##
#.
#.#.###...###
#.
#.#.........#
#.#.###...#.#
#.#.#
##.##.####


You could see a bombardier beetle.

Vanquished Creatures
  Sigmund (D:2)
  An orc wizard (D:3)
  2 adders
  A dart slug (D:2)
  2 ribbon worms (D:2)
  2 orcs (D:3)
  4 bats
  6 endoplasms
  3 giant cockroaches (D:1)
  3 goblins
  2 hobgoblins
  7 jackals (D:2)
  2 quokkas (D:2)
  A ball python (D:1)
  2 frilled lizards (D:2)
  2 kobolds
  2 rats (D:1)
43 creatures vanquished.

Notes
Turn   | Place    | Note
-------+----------+-------------------------------------------
     0 | D:1      | hawla the Gnoll Wanderer began the quest for the Orb.
     0 | D:1      | hawla set off with the following items: a +2 falchion, a +0
                  | hand axe, a +0 scale mail, a potion of lignification.
     0 | D:1      | Reached XP level 1. HP: 23/23 MP: 1/1
   106 | D:1      | Reached XP level 2. HP: 29/29 MP: 2/2
   809 | D:2      | Reached XP level 3. HP: 35/35 MP: 3/3
   847 | D:2      | Reached skill level 1 in Invocations
   977 | D:2      | Reached skill level 1 in Short Blades
   977 | D:2      | Reached skill level 1 in Maces & Flails
   977 | D:2      | Reached skill level 1 in Polearms
   977 | D:2      | Reached skill level 1 in Staves
   977 | D:2      | Reached skill level 1 in Ranged Weapons
   977 | D:2      | Reached skill level 1 in Stealth
   977 | D:2      | Reached skill level 1 in Shields
   977 | D:2      | Reached skill level 1 in Unarmed Combat
   977 | D:2      | Reached skill level 1 in Spellcasting
   977 | D:2      | Reached skill level 1 in Evocations
  1276 | D:2      | Found a blossoming altar of Fedhas.
  1297 | D:2      | Noticed Sigmund
  1308 | D:2      | Killed Sigmund
  1309 | D:2      | Reached skill level 1 in Conjurations
  1309 | D:2      | Reached skill level 1 in Hexes
  1309 | D:2      | Reached skill level 1 in Summonings
  1309 | D:2      | Reached skill level 1 in Necromancy
  1309 | D:2      | Reached skill level 1 in Translocations
  1309 | D:2      | Reached skill level 1 in Fire Magic
  1309 | D:2      | Reached skill level 1 in Ice Magic
  1309 | D:2      | Reached skill level 1 in Air Magic
  1309 | D:2      | Reached skill level 1 in Earth Magic
  1309 | D:2      | Reached skill level 1 in Alchemy
  1309 | D:2      | Reached skill level 1 in Shapeshifting
  1309 | D:2      | Reached XP level 4. HP: 31/41 MP: 4/6
  1309 | D:2      | Reached XP level 5. HP: 36/47 MP: 4/7
  1944 | D:3      | Reached XP level 6. HP: 51/53 MP: 8/8
  2037 | D:3      | Slain by a bombardier beetle

Illustrated notes

Levels and vault maps discovered:
D:1:      dpeg_arrival_shrine, layout_loops_ring
D:2:      layout_basic, basic_altar, chequers_serial_rivers_micro_a,
          minmay_misc_feat_doors, minivault_4, uniq_sigmund
D:3:      minmay_bubble_buster, layout_loops_ring, basic_ecumenical_altar,
          chequers_serial_rivers_large_b

Skill      XL: |  1  2  3 |
---------------+----------+-----
Invocations    | 2 |  2.1
Short Blades   | 1 |  1.9
Maces & Flails | 1 |  1.9
Polearms       | 1 |  1.9
Staves         | 1 |  1.9
Ranged Weapons | 1 |  1.9
Stealth        | 1 |  1.9
Shields        | 1 |  1.9
Unarmed Combat | 1 |  1.9
Spellcasting   | 1 |  1.9
Evocations     | 1 |  1.9
Axes           | 3 |  3.2
Throwing       | 3 |  3.2
Dodging        | 3 |  3.2
Conjurations   | 1 |  1.5
Hexes          | 1 |  1.5
Summonings     | 1 |  1.5
Necromancy     | 1 |  1.5
Translocations | 1 |  1.5
Fire Magic     | 1 |  1.5
Ice Magic      | 1 |  1.5
Air Magic      | 1 |  1.5
Earth Magic    | 1 |  1.5
Alchemy        | 1 |  1.5
Shapeshifting  | 1 |  1.7
Fighting       | |  6.8
Long Blades    | |  4.9
Armour         | |  4.9

Action                     |  1- 3 |  4- 6 || total
---------------------------+-------+-------++-------
  Melee: Falchion          |    84 |    35 ||   119
         Bite              |     3 |     5 ||     8
         Punch             |     1 |       ||     1
    Use: Scroll            |     3 |     1 ||     4
         Potion            |       |     1 ||     1
 Armour: Scale mail        |    11 |       ||    11
         Chain mail        |    68 |    17 ||    85
  Dodge: Dodged            |    36 |    13 ||    49
